cohdb
Replays
Latest Replays
All Replays
Popular Replays
Top Player Replays
Match Explorer
How It Works
Community
CoH3 Stats
Reddit
Sign in to upload your games and track your stats! →
Sign in with Steam
Match 37748441
Unlisted
Match 37748441
Overview
Messages
Build Orders
End
Construct Section Command Post
Vickers Machine Gun Team
Infantry Section
Infantry Section
Infantry Section
ML 3-inch Mortar Team
Selects Heavy Armor Battlegroup
Construct Platoon Command Post
Unlock M3 Stuart Light Tanks
Selects Light Vehicle Withdraw and Refit
Selects Forward Repair Assembly
Grenade Package
M3 Stuart Light Tank
Infantry Training
Infantry Section
Honey
HolmViking
사람이왜살지
If my team noob, I GO OUT
Chick
Mechfruit
AK-47
Silver
0
0
Comments
sign in to comment!
No comments posted yet!